Map: King's Cove LE

Players

DTsDropBot - Winner!

  • Race: Protoss Protoss
  • League: Grandmaster
  • Spawn Location: 11:00

IIIIIIIIIIII

  • Race: Zerg Zerg
  • Spawn Location: 5:00

VOD

Have the link to the VOD?

Description

Time

  • Played on: May 12, 2019, 12:21 p.m.
  • Length: 10:49
Show
View Real Time Build Order
Export as new Build Order

DTsDropBot Protoss - Winner!

Build Orders: 1 Gate Expand, Oracle Opening, Zealot Archon 

Get SALT Encoding   

  12  0:00  Probe  
  13  0:12  Probe  
  14  0:19  Pylon  
  14  0:25  Probe  
  15  0:33  Probe  
  15  0:41  Probe  
  16  0:43  Gateway  
  16  0:49  Assimilator  
  17  0:51  Probe  
  18  1:03  Probe  
  19  1:15  Probe  
  20  1:25  Nexus  
  20  1:35  Cybernetics Core  
  20  1:38  Probe  
  21  1:43  Assimilator  
  21  1:50  Probe  
  21  1:53  Pylon  
  22  2:02  Adept  
  22  2:09  Probe  
  25  2:16  Stargate  
  25  2:21  Probe  
  26  2:26  Warp Gate  
  26  2:31  Probe  
  26  2:33  Probe  
  26  2:35  Stalker  
  29  2:39  Probe  
  29  2:41  Probe  
  31  2:47  Probe  
  33  2:51  Probe  
  33  2:55  Oracle  
  34  2:59  Probe  
  38  3:08  Probe  
  38  3:11  Pylon  
  39  3:14  Probe  
  40  3:22  Probe  
  40  3:25  Oracle  
  40  3:26  Probe  
  42  3:28  Gateway, Adept  
  44  3:36  Probe  
  44  3:38  Probe  
  49  3:45  Pylon  
  49  3:48  Probe  
  49  3:51  Probe  
  51  4:02  Probe  
  52  4:16  Nexus  
  50  4:18  Oracle  
  50  4:19  Pylon  
  50  4:21  Probe x2, Pylon  
  50  4:23  Assimilator  
  52  4:24  Zealot  
  52  4:25  Assimilator, Adept  
  59  4:33  Probe  
  59  4:35  Probe  
  61  4:39  Robotics Facility  
  59  4:45  Probe  
  59  4:47  Probe, Zealot x2  
  65  4:58  Probe, Twilight Council  
  65  4:59  Probe  
  67  5:00  Forge  
  67  5:08  Pylon  
  67  5:10  Probe  
  67  5:11  Sentry  
  70  5:15  Pylon  
  70  5:17  Charge  
  70  5:26  Probe x2  
  72  5:29  Probe  
  72  5:32  Protoss Ground Weapons Level 1  
  72  5:33  Observer  
  73  5:37  Stalker  
  73  5:38  Probe x2  
  73  5:41  Probe  
  79  5:48  Adept  
  81  5:50  Probe x2  
  81  5:53  Gateway x2  
  81  5:54  Probe, Templar Archives  
  81  5:55  Pylon  
  84  6:02  Probe  
  84  6:04  Probe  
  84  6:05  Adept  
  84  6:07  Probe  
  88  6:17  Probe  
  88  6:20  Probe  
  88  6:21  Probe  
  88  6:23  Assimilator  
  88  6:25  Assimilator  
  95  6:27  Zealot x2  
  95  6:30  Gateway  
  95  6:31  Gateway, Warp Prism  
  99  6:34  Probe  
  98  6:40  Gateway  
  98  6:44  Gateway  
  98  6:46  Gateway, Probe x2  
  100  6:48  Gateway  
  100  6:49  Gateway  
  100  6:52  Gateway  
  100  6:59  Pylon  
  100  7:01  Pylon  
  100  7:08  High Templar x4  
  100  7:12  Archon x2  
  108  7:19  Protoss Ground Weapons Level 2  
  108  7:21  Nexus  
  108  7:22  Pylon  
  108  7:24  Pylon  
  108  7:25  High Templar x2, Pylon  
  108  7:26  Photon Cannon  
  112  7:30  Archon  
  112  7:35  High Templar  
  114  7:39  High Templar  
  114  7:40  Zealot x4  
  114  7:43  Archon  
  124  7:45  Pylon  
  124  7:53  High Templar x2  
  124  7:57  Archon  
  128  8:09  Zealot x9  
  128  8:11  Zealot  
  144  8:15  Warp Prism  
  142  8:24  Probe x2  
  142  8:25  Assimilator  
  136  8:30  Assimilator, Zealot x8  
  138  8:34  Probe  
  138  8:35  Probe  
  138  8:36  Probe x2  
  142  8:45  High Templar x4  
  150  8:49  Archon x2  
  150  8:50  Zealot x4  
  158  8:57  Pylon  
  158  8:59  Pylon  
  158  9:05  Photon Cannon  
  158  9:06  High Templar x3  
  158  9:07  High Templar  
  166  9:10  Archon  
  166  9:11  Archon  
  166  9:17  Photon Cannon  
  166  9:18  Probe  
  166  9:22  High Templar x2  
  166  9:23  Zealot x5  
  181  9:26  Archon  
  181  9:29  Zealot  
  181  9:31  Probe  
  178  9:42  Zealot x4  
  154  9:46  Zealot x5  
  164  10:05  High Templar  
  164  10:06  High Templar x3, Zealot  
  164  10:07  Zealot x5  
  184  10:10  Archon x2  
  163  10:36  Zealot x6  
  163  10:37  Zealot x2  
  163  10:40  Zealot x4  
Show
View Real Time Build Order
Export as new Build Order

IIIIIIIIIIII Zerg 

Build Orders: Hatch First 

Get SALT Encoding   

  12  0:01  Drone  
  13  0:08  Drone  
  14  0:18  Overlord  
  14  0:36  Drone x2  
  16  0:50  Hatchery  
  16  0:53  Drone  
  16  0:57  Drone  
  17  1:05  Drone  
  18  1:14  Extractor  
  18  1:16  Spawning Pool  
  16  1:19  Drone  
  16  1:23  Drone  
  18  1:30  Drone  
  19  1:44  Overlord  
  19  1:55  Drone  
  20  2:10  Queen  
  20  2:11  Zergling x2, Queen  
  20  2:12  Zergling x2  
  20  2:14  Metabolic Boost  
  26  2:16  Drone  
  26  2:18  Drone  
  28  2:24  Drone x2  
  30  2:43  Hatchery  
  29  2:47  Drone  
  29  2:48  Drone  
  31  2:54  Queen  
  31  2:58  Overlord  
  33  3:00  Drone  
  34  3:11  Overlord  
  34  3:12  Drone x2  
  36  3:15  Overlord  
  36  3:21  Drone  
  36  3:22  Drone x2  
  36  3:26  Zergling x4  
  41  3:31  Spore Crawler  
  40  3:36  Drone  
  40  3:40  Drone x4  
  45  3:47  Overlord  
  45  3:51  Queen  
  47  3:56  Queen  
  49  4:05  Zergling x2  
  49  4:06  Zergling x10  
  54  4:11  Zergling x2  
  54  4:16  Drone  
  54  4:20  Lair  
  54  4:21  Drone x2  
  54  4:23  Drone  
  54  4:24  Drone, Spore Crawler  
  56  4:27  Drone  
  56  4:29  Drone x2  
  60  4:32  Drone  
  60  4:37  Drone x2  
  63  4:42  Drone  
  63  4:44  Drone  
  64  4:51  Drone x2  
  64  4:52  Drone  
  65  4:53  Drone  
  65  4:55  Extractor  
  65  4:56  Extractor  
  65  4:58  Evolution Chamber  
  62  5:00  Baneling Nest  
  62  5:01  Drone x5, Extractor  
  62  5:06  Drone  
  66  5:10  Drone x2  
  62  5:28  Drone x2  
  62  5:29  Drone x2  
  62  5:33  Drone x2  
  66  5:35  Zerg Melee Weapons Level 1  
  66  5:38  Drone x2  
  66  5:39  Drone  
  66  5:41  Hydralisk Den, Overlord  
  68  5:44  Drone x4  
  68  5:45  Drone  
  68  5:46  Overlord  
  73  5:51  Spore Crawler  
  73  5:53  Hatchery  
  73  5:55  Overlord x2  
  71  5:57  Overlord  
  70  6:05  Drone  
  70  6:06  Overlord  
  70  6:07  Drone x2  
  70  6:09  Drone  
  70  6:11  Overlord  
  74  6:13  Drone  
  74  6:15  Queen  
  74  6:16  Extractor  
  74  6:17  Extractor  
  69  6:19  Queen  
  69  6:20  Drone  
  69  6:23  Drone x2  
  69  6:25  Overlord  
  74  6:31  Grooved Spines, Hydralisk  
  74  6:32  Centrifical Hooks  
  76  6:34  Hydralisk  
  76  6:38  Hydralisk  
  80  6:45  Overlord  
  80  6:46  Hydralisk x2  
  84  6:51  Hydralisk x2  
  88  6:56  Hydralisk  
  88  6:57  Queen  
  88  6:59  Overlord  
  90  7:02  Hydralisk x2  
  89  7:11  Drone x3  
  89  7:12  Hydralisk x3  
  98  7:18  Hydralisk x2  
  102  7:25  Hydralisk  
  102  7:26  Hydralisk  
  102  7:28  Overlord  
  106  7:31  Hydralisk x2  
  106  7:33  Drone x3  
  106  7:34  Drone  
  106  7:35  Drone  
  106  7:36  Drone  
  116  7:40  Drone  
  116  7:41  Drone x2  
  116  7:42  Overlord, Muscular Augments  
  119  7:44  Drone x2  
  119  7:48  Drone x2  
  119  7:49  Infestation Pit  
  122  7:53  Hydralisk x2  
  122  7:55  Baneling x2  
  122  7:56  Zergling x4, Baneling x2  
  128  7:59  Zergling x6  
  128  8:01  Zergling x2  
  128  8:02  Zergling x2  
  133  8:11  Hydralisk x2  
  137  8:19  Baneling x2  
  137  8:22  Hatchery  
  137  8:23  Hydralisk x3  
  137  8:24  Hydralisk x2  
  137  8:25  Hydralisk  
  138  8:27  Zergling x2  
  138  8:31  Zergling x8  
  138  8:33  Hydralisk  
  137  8:34  Zergling x2  
  137  8:35  Hydralisk  
  140  8:43  Hydralisk x2  
  140  8:44  Zergling x4  
  140  8:48  Hive  
  146  8:49  Zergling x2  
  146  8:50  Zergling x2  
  148  8:57  Zergling x4  
  150  9:03  Spire  
  150  9:05  Zergling x10  
  150  9:07  Baneling x8  
  150  9:08  Baneling  
  150  9:09  Baneling x2  
  148  9:14  Baneling x4  
  148  9:17  Zergling x6  
  151  9:25  Zergling x2  
  151  9:29  Baneling  
  151  9:30  Baneling x3  
  150  9:34  Zergling x2  
  150  9:35  Zergling x10  
  151  9:45  Hydralisk x4  
  136  9:55  Baneling x9  
  136  9:56  Zergling x2  
  136  9:57  Zergling x4  
  139  10:00  Zergling x4  
  139  10:01  Zergling x2  
  139  10:02  Zergling x4  
  139  10:06  Zergling x2  
  145  10:08  Baneling x4  
  145  10:09  Zergling x2  
  145  10:13  Hatchery  
  145  10:17  Zergling x4  
  148  10:21  Zergling x4  
  148  10:26  Zergling x2  
Tags
 
Add a new tag
Caveats
  • Supply blocks, unpowered buildings, or Contaminate may cause inaccurate times.
  • Supply counts are checked every 10 seconds.